 Dungeon Crawl Stone Soup version 0.31-a0-210-gccc998df9b (webtiles) character file.

Game seed: 12108858790788306213

56 qw the Shooter (level 3, 0/29 HPs)
             Began as a Minotaur Hexslinger on June 30, 2023.
             Slain by a kobold
             ... wielding a +0 whip
              (1 damage)
             ... on level 2 of the Dungeon.
             The game lasted 00:00:20 (730 turns).

qw the Shooter (Minotaur Hexslinger)                 Turns: 730, Time: 00:00:20

Health: 0/29       AC:  6    Str: 12    XL:     3   Next: 71%
Magic:  3/3        EV: 11    Int: 10    God:
Gold:   27         SH:  0    Dex: 14    Spells: 3/4 levels left

rFire   . . .        Y - +1 sling
rCold   . . .        (no shield)
rNeg    . . .        j - +0 ring mail
rPois   .            (helmet restricted)
rElec   .            g - +0 cloak
rCorr   .            (no gloves)
SInv    .            (no boots)
Will    .....        (no amulet)
Stlth   +            (no ring)
HPRegen 0.24/turn    (no ring)
MPRegen 0.08/turn

%: no passive effects
@: no status effects
A: horns 2, retaliatory headbutt
a: no special abilities


You were on level 2 of the Dungeon.
You visited 1 branch of the dungeon, and saw 2 of its levels.

You collected 65 gold pieces.
You spent 38 gold pieces at shops.


Innate Abilities, Weirdness & Mutations

You have a pair of horns on your head.
You reflexively headbutt those who attack you in melee.


   Skills:
 - Level 2.0 Fighting
 - Level 4.3 Ranged Weapons
 + Level 0.0 Armour
 - Level 2.1 Dodging
 - Level 1.0 Spellcasting
 - Level 2.0 Hexes


You had 3 spell levels left.
You knew the following spells:

 Your Spells              Type           Power      Damage    Failure   Level
a - Slow                  Hex            16%        N/A       34%         1

Your spell library contained the following spells:

 Spells                   Type           Power      Damage    Failure   Level
 Inner Flame              Hex/Fire       2%         N/A       83%         3
 Portal Projectile        Hex/Tloc       4%         N/A       83%         3
 Cause Fear               Hex            2%         N/A       98%         4

Inventory:

Hand Weapons
 Y - a +1 sling (weapon)
Armour
 g - a +0 cloak (worn)
 j - a +0 ring mail (worn)
Jewellery
 h - a +4 ring of slaying {mikee}
Scrolls
 a - 2 scrolls of identify
 b - a scroll of amnesia {unknown}
Potions
 c - 2 potions of enlightenment {unknown}
 d - a potion of attraction {unknown}
 e - 3 potions of mutation
 f - a potion of heal wounds {unknown}
 i - a potion of ambrosia {unknown}

Dungeon Overview and Level Annotations

Branches:
Dungeon (2/15)

Altars:

Shops:
D:1 *(:*


Message History

You shoot a sling bullet. The sling bullet barely misses Jessica.
Jessica casts a spell at you.
You barely resist.
Jessica gestures wildly while chanting.
Jessica blinks!
You shoot a sling bullet. The sling bullet barely misses Jessica.
Jessica points at you and mumbles some strange words.
Pain shoots through your body!
724 ||| READING 2 scrolls of teleportation.
As you read the scroll of teleportation, it crumbles to dust.
You feel strangely unstable.
Jessica points at you and mumbles some strange words.
Pain shoots through your body!
You shoot a sling bullet. The sling bullet hits Jessica.
You kill Jessica!
Your Ranged Weapons skill increases to level 4!
You start resting.
Your surroundings suddenly seem different.
A kobold and a giant cockroach come into view.
Found 18 gold pieces, a weird smoking staff and a scale mail.
Found a stone staircase leading down.
The kobold shouts!
The kobold hits you with a +0 whip.
A dart slug comes into view.
728 ||| READING scroll of teleportation.
As you read the scroll of teleportation, it crumbles to dust.
You feel strangely unstable.
A kobold comes into view. It is wielding a +0 dagger.
The kobold hits you but does no damage. x2
You shoot a sling bullet.
The sling bullet closely misses the kobold.
The kobold shouts!
You feel yourself speed up. The kobold barely misses you.
The kobold misses you.
You shoot a sling bullet.
The sling bullet hits the giant cockroach.
The giant cockroach is heavily wounded.
Your surroundings seem slightly different.
The giant cockroach bites you. The kobold hits you with a +0 whip.
You die...

## ......#
######. ......#
#......#.......
#..............
...............
...............
..|........>...
.$.....¤B......
.......@K......
.....$.........
.............[#
...K..w........
......##...####
...... ..##
.....# ..#
..... ...


You could see a dart slug, a giant cockroach and 2 kobolds.

Vanquished Creatures
  Jessica (D:2)
  An adder (D:2)
  2 bats (D:1)
  4 giant cockroaches (D:1)
  3 goblins (D:1)
  3 hobgoblins (D:1)
  A ball python (D:1)
  A frilled lizard (D:1)
  A kobold (D:1)
  5 rats
22 creatures vanquished.

Notes
Turn   | Place    | Note
-------+----------+-------------------------------------------
     0 | D:1      | qw the Minotaur Hexslinger began the quest for the Orb.
     0 | D:1      | Reached XP level 1. HP: 16/16 MP: 1/1
     0 | D:1      | 0 ||| qw: Version: 0.3-a-24-ga2abf7b
     0 | D:1      | 0 ||| qw: Game counter: 7067
     0 | D:1      | 0 ||| qw: Melee chars always use a shield: true
     0 | D:1      | 0 ||| qw: God list: Okawaru
     0 | D:1      | 0 ||| qw: Allow faded altars: false
     0 | D:1      | 0 ||| qw: Do Orc after clearing Dungeon:15 true
     0 | D:1      | 0 ||| qw: Do second Lair branch before Depths: true
     0 | D:1      | 0 ||| qw: Lair rune preference: random
     0 | D:1      | 0 ||| qw: Goals: Normal
     0 | D:1      | 0 ||| PLANNING D:1-11
   211 | D:1      | Reached skill level 3 in Ranged Weapons
   211 | D:1      | Reached XP level 2. HP: 22/23 MP: 2/2
   231 | D:1      | Found Gohox's Antique Weapon Shop.
   255 | D:1      | Found Lineozop's Book Emporium.
   307 | D:1      | Found Joygitagu's Assorted Antiques.
   316 | D:1      | 316 ||| SHOPLISTING glowing beryl amulet (95 gold, have
                  | 49).
   316 | D:1      | 316 ||| SHOPLISTING glowing ring mail (133 gold, have 49).
   316 | D:1      | 316 ||| BUYING leather armour (38 gold).
   316 | D:1      | Bought a leather armour for 38 gold pieces
   316 | D:1      | 316 ||| SHOPLISTING scroll labelled JAMARH ZETYNUTS (19
                  | gold, have 11).
   316 | D:1      | 316 ||| SHOPLISTING silver wand (76 gold, have 11).
   471 | D:1      | Found Lurhuhapt's Assorted Antiques.
   477 | D:1      | 477 ||| SHOPLISTING brown potion (22 gold, have 18).
   477 | D:1      | 477 ||| SHOPLISTING clear potion (22 gold, have 18).
   477 | D:1      | 477 ||| SHOPLISTING coppery potion (22 gold, have 18).
   477 | D:1      | 477 ||| SHOPLISTING inky potion (22 gold, have 18).
   477 | D:1      | 477 ||| SHOPLISTING long glass wand (100 gold, have 18).
   477 | D:1      | 477 ||| SHOPLISTING ring mail (100 gold, have 18).
   477 | D:1      | 477 ||| SHOPLISTING scroll labelled TOZACU UBRIUCU (25
                  | gold, have 18).
   573 | D:1      | Found a faded altar of an unknown god.
   618 | D:1      | 618 ||| UPGRADING to +0 cloak.
   623 | D:1      | 623 ||| UPGRADING to +0 leather armour.
   633 | D:1      | 633 ||| DROPPING +0 robe.
   634 | D:1      | 634 ||| UPGRADING to +0 ring mail.
   644 | D:1      | 644 ||| DROPPING +0 leather armour.
   645 | D:1      | 645 ||| READING 3 scrolls labelled MOAXIE GICEO.
   646 | D:1      | 646 ||| READING scroll labelled YXTERGH JUYRI.
   647 | D:1      | 647 ||| READING 3 scrolls labelled JAMARH ZETYNUTS.
   651 | D:1      | 651 ||| READING 2 scrolls of identify.
   651 | D:1      | 651 ||| IDENTIFYING sedimented silvery potion
   652 | D:1      | 652 ||| DROPPING scroll of poison.
   701 | D:2      | Noticed Jessica
   716 | D:2      | Reached XP level 3. HP: 14/29 MP: 3/3
   723 | D:2      | HP: 6/29 [Jessica/nerve-wracking pain (6)]
   724 | D:2      | 724 ||| READING 2 scrolls of teleportation.
   725 | D:2      | Killed Jessica
   726 | D:2      | Reached skill level 4 in Ranged Weapons
   727 | D:2      | HP: 2/29 [kobold/+0 whip (3)]
   728 | D:2      | 728 ||| READING scroll of teleportation.
   730 | D:2      | Slain by a kobold

Levels and vault maps discovered:
D:1:      scummos_arrival_simple_fountains, layout_basic,
          dilly_ecumenical_altar_fadedgnrine, serial_shops,
          nicolae_shop_window_shopping, shop, shop, shop
D:2:      layout_rooms, uniq_jessica

Skill      XL: |  1  2  3 |
---------------+----------+-----
Ranged Weapons | 3 4 |  4.3
Fighting       | 2 |  2.0
Dodging        | |  2.1
Spellcasting   | |  1.0
Hexes          | |  2.0

Action                     || total
---------------------------++-------
   Fire: Sling             ||    63
    Use: Scroll            ||     6
 Armour: Robe              ||     2
         Ring mail         ||    11
  Dodge: Dodged            ||    18

Table legend:
 A = Non-vault XP
 B = Vault XP
 C = Vault XP percentage of total XP
 D = Non-vault monster count
 E = Vault monster count
 F = Vault count percentage of total count
                 A         B        C        D         E       F
            +---------+---------+-------+---------+---------+-------
      Total |      44 |      37 |  45.7 |      21 |       1 |   4.5
            +---------+---------+-------+---------+---------+-------
        D:1 |      29 |       0 |   0.0 |      18 |       0 |   0.0
        D:2 |      15 |      37 |  71.2 |       3 |       1 |  25.0
            +---------+---------+-------+---------+---------+-------
